Map: Kairos Junction LE

Players

TORMeNTOR - Winner!

  • Race: Terran Terran
  • League: Silver
  • Spawn Location: 5:00

Smileblind

  • Race: Protoss Protoss
  • League: Silver
  • Spawn Location: 11:00

VOD

Have the link to the VOD?

Description

Time

  • Played on: Feb. 7, 2019, 1:20 a.m.
  • Length: 16:44
Show
View Real Time Build Order
Export as new Build Order

TORMeNTOR Terran - Winner!

Build Orders: Mech 

Get SALT Encoding   

  12  0:01  SCV  
  13  0:13  SCV  
  14  0:23  Supply Depot  
  14  0:25  SCV  
  15  0:29  Refinery  
  15  0:47  Barracks  
  15  0:53  SCV  
  15  0:54  Refinery  
  16  1:02  Supply Depot  
  16  1:05  SCV  
  17  1:18  SCV  
  18  1:34  Marine  
  18  1:35  Orbital Command  
  19  1:45  Factory  
  19  2:01  Supply Depot  
  19  2:03  Barracks Reactor  
  19  2:08  SCV  
  20  2:20  SCV  
  21  2:24  Supply Depot  
  21  2:32  SCV  
  21  2:35  Starport  
  22  2:44  SCV  
  23  2:54  Hellion  
  23  2:56  SCV, Barracks Tech Lab  
  26  3:08  Hellion  
  28  3:13  Medivac  
  28  3:18  Reaper  
  31  3:21  Supply Depot  
  31  3:22  SCV  
  32  3:34  SCV  
  33  3:59  Starport Tech Lab  
  33  4:00  Marine x2  
  33  4:01  Cyclone  
  38  4:04  SCV  
  38  4:07  Engineering Bay  
  39  4:11  Liberator  
  39  4:16  SCV, Supply Depot  
  40  4:17  Marine  
  44  4:33  SCV  
  41  5:05  Siege Tank  
  41  5:06  Command Center  
  44  5:20  Bunker  
  44  5:24  Missile Turret  
  44  5:35  SCV  
  45  5:38  Missile Turret  
  45  5:39  Siege Tank  
  45  5:41  Marine  
  45  5:42  Marine  
  50  5:46  Missile Turret  
  49  5:59  Marine  
  49  6:00  Marine  
  51  6:04  Missile Turret  
  48  6:22  Orbital Command  
  48  6:28  Siege Tank  
  48  6:31  SCV  
  52  6:38  Missile Turret  
  52  6:40  Banshee  
  52  6:43  SCV  
  52  6:44  Supply Depot  
  52  6:47  Refinery  
  56  6:49  Refinery  
  56  6:51  SCV  
  57  6:55  SCV  
  57  7:00  Siege Tank  
  61  7:06  Supply Depot  
  61  7:28  Factory  
  61  7:29  SCV  
  62  7:30  Factory  
  62  7:41  Barracks  
  62  7:53  Barracks  
  62  7:57  Barracks  
  62  8:22  SCV  
  63  8:33  Terran Infantry Weapons Level 1  
  63  8:34  SCV  
  64  8:42  Engineering Bay  
  64  8:43  SCV, Armory  
  65  8:50  Barracks Tech Lab x2  
  65  8:51  Barracks Tech Lab  
  65  8:52  Marine x2  
  65  8:55  Cyclone  
  70  8:57  Factory Tech Lab  
  70  8:59  Factory Tech Lab  
  70  9:00  SCV  
  71  9:10  Marine x2  
  71  9:11  Marauder x2  
  71  9:15  SCV  
  78  9:19  SCV  
  78  9:24  Supply Depot  
  79  9:27  SCV, Cyclone  
  79  9:28  Marine x2  
  85  9:32  SCV  
  86  9:45  Marine  
  67  9:59  Cyclone  
  58  10:00  Marauder x3  
  58  10:02  Combat Shield  
  58  10:04  Concussive Shells  
  58  10:05  SCV  
  65  10:10  SCV, Starport  
  65  10:11  Starport  
  66  10:17  SCV  
  66  10:19  Siege Tank x2  
  73  10:21  Marauder  
  73  10:22  SCV, Marauder  
  73  10:25  Terran Infantry Armor Level 1  
  78  10:31  Cyclone, Marine x2  
  78  10:35  SCV, Mag-Field Accelerator  
  84  10:36  SCV  
  85  10:47  SCV  
  85  10:48  SCV, Marine  
  88  10:51  Siege Tank  
  88  10:55  Starport Reactor  
  88  10:57  Starport Reactor  
  91  10:58  Missile Turret x2  
  91  10:59  SCV  
  91  11:00  SCV  
  91  11:03  Cyclone, Marauder x3  
  102  11:11  SCV  
  103  11:12  SCV  
  103  11:24  Marauder x3  
  109  11:26  Marine  
  110  11:36  Supply Depot  
  110  11:37  Supply Depot  
  110  11:57  SCV x2, Marauder x2, Marine x2  
  110  11:58  Viking  
  110  11:59  Marauder  
  110  12:00  Supply Depot  
  110  12:01  Viking  
  124  12:09  SCV  
  124  12:15  Marine  
  126  12:21  Marine  
  126  12:22  Marauder x3  
  130  12:23  Supply Depot  
  98  12:35  Siege Tank x3  
  93  12:38  Viking x2  
  93  12:43  Marauder x3  
  100  12:47  Supply Depot  
  100  12:52  Terran Vehicle Weapons Level 1  
  100  12:53  SCV  
  100  12:54  Marine  
  102  13:04  Marauder  
  102  13:05  SCV, Marauder  
  107  13:07  Siege Tank x2  
  113  13:29  Refinery  
  113  13:32  Orbital Command  
  113  13:33  Refinery  
  113  13:35  Missile Turret  
  113  13:36  Missile Turret  
  113  13:39  Marauder x2, Marine x3  
  120  13:54  Viking x2  
  124  13:57  Missile Turret  
  124  14:11  SCV  
  125  14:19  Marauder, Marine  
  125  14:20  Marauder x2  
  109  15:05  Marauder x3, Marine x2  
  110  15:23  Marine x2  
  110  15:26  Marauder  
  110  15:27  Marauder x2  
  115  15:41  Marine x2  
  113  15:47  Marine  
  113  15:48  Marauder x2  
  114  15:58  Cyclone x3  
  114  15:59  Marine x2  
  123  16:06  Marauder  
  123  16:09  Marauder x2  
  120  16:17  Marine x2  
Show
View Real Time Build Order
Export as new Build Order

Smileblind Protoss 

Build Orders:  

Get SALT Encoding   

  12  0:01  Probe  
  13  0:16  Probe  
  14  0:28  Probe  
  14  0:31  Pylon  
  15  0:47  Probe  
  16  0:52  Gateway  
  16  0:55  Probe  
  16  0:57  Assimilator  
  16  1:03  Probe  
  17  1:09  Pylon  
  18  1:15  Probe  
  19  1:27  Probe  
  19  1:28  Forge  
  20  1:39  Probe  
  21  1:44  Cybernetics Core  
  21  1:45  Zealot  
  21  1:48  Assimilator  
  21  1:52  Probe  
  24  2:04  Probe  
  24  2:05  Warp Gate  
  25  2:15  Gateway  
  25  2:16  Probe  
  26  2:25  Photon Cannon  
  28  2:32  Sentry  
  28  2:48  Pylon  
  28  2:58  Nexus  
  28  3:02  Stalker  
  30  3:07  Stalker  
  32  3:18  Shield Battery  
  32  3:28  Shield Battery  
  32  3:32  Adept  
  34  3:38  Probe  
  35  3:43  Pylon  
  35  3:51  Probe  
  36  4:02  Robotics Facility, Adept  
  38  4:06  Probe  
  39  4:17  Shield Battery  
  39  4:18  Probe  
  40  4:25  Pylon, Probe  
  40  4:30  Probe  
  42  4:32  Sentry  
  42  4:33  Probe  
  45  4:41  Assimilator, Probe  
  45  4:42  Probe  
  45  4:44  Assimilator  
  41  5:03  Immortal  
  41  5:06  Probe  
  45  5:09  Probe  
  45  5:13  Protoss Ground Weapons Level 1  
  47  5:14  Probe  
  47  5:17  Probe  
  49  5:25  Probe  
  49  5:29  Stalker  
  49  5:35  Stalker, Probe  
  54  5:42  Probe  
  56  5:47  Probe  
  57  5:54  Probe  
  58  5:57  Zealot  
  58  6:02  Immortal  
  64  6:06  Probe  
  62  6:17  Probe  
  59  6:25  Probe  
  60  6:33  Probe  
  60  6:36  Robotics Bay  
  60  6:39  Twilight Council  
  61  6:42  Probe  
  61  6:44  Probe  
  61  6:45  Pylon  
  63  6:50  Probe  
  63  6:55  Immortal  
  63  6:56  Probe  
  63  7:00  Probe  
  69  7:05  Shield Battery  
  70  7:12  Probe  
  71  7:17  Charge  
  71  7:20  Stalker  
  73  7:23  Stalker  
  75  7:30  Probe  
  76  8:02  Sentry  
  76  8:03  Nexus  
  78  8:05  Protoss Ground Weapons Level 2  
  78  8:07  Pylon  
  78  8:10  Pylon  
  78  8:13  Pylon  
  78  8:16  Pylon  
  78  8:19  Pylon  
  78  8:24  Colossus  
  84  8:30  Gateway  
  84  8:31  Gateway  
  84  8:35  Gateway  
  84  8:38  Assimilator  
  84  8:40  Stalker  
  86  8:41  Assimilator  
  86  8:43  Sentry  
  86  8:44  Extended Thermal Lance  
  86  8:46  Shield Battery  
  88  9:10  Dark Shrine  
  88  9:15  Probe  
  88  9:18  Probe x2, Colossus  
  88  9:23  Probe  
  97  9:30  Probe x2  
  96  9:32  Probe  
  96  9:42  Probe x2  
  96  9:44  Probe  
  97  9:56  Probe  
  92  10:09  Stalker x2  
  92  10:12  Immortal, Probe  
  100  10:20  Probe  
  102  10:29  Pylon  
  102  10:30  Dark Templar x2, Probe  
  107  10:42  Probe  
  108  10:46  Colossus  
  108  10:47  Nexus  
  108  10:51  Pylon  
  108  10:52  Sentry x2  
  108  10:53  Pylon  
  108  10:54  Probe  
  108  10:56  Pylon  
  119  10:57  Dark Templar, Pylon  
  117  11:26  Gateway  
  117  11:28  Gateway  
  117  11:30  Robotics Facility  
  117  11:34  Colossus  
  117  11:35  Dark Templar  
  117  11:38  Stalker  
  127  11:49  Assimilator  
  127  11:54  Assimilator  
  127  11:56  Probe  
  128  12:04  Probe  
  129  12:10  Shield Battery  
  129  12:14  Shield Battery, Probe x2  
  128  12:16  Shield Battery  
  128  12:19  Stargate  
  119  12:26  Probe x2  
  119  12:28  Colossus  
  95  12:38  Probe  
  96  12:47  Dark Templar  
  96  12:48  Protoss Ground Weapons Level 3  
  98  12:51  Immortal  
  102  13:02  Protoss Air Weapons Level 1  
  102  13:18  Dark Templar, Colossus  
  104  13:20  Sentry  
  112  13:28  Void Ray  
  116  13:35  Pylon, Colossus  
  116  13:37  Pylon  
  122  13:43  Archon  
  122  13:54  Shield Battery  
  122  13:57  Shield Battery  
  122  14:00  Gateway  
  122  14:01  Gateway  
  122  14:05  Colossus  
  122  14:09  Pylon  
  122  14:11  Pylon  
  72  14:39  Stalker x2  
  72  14:40  Stalker x5  
  72  14:58  Colossus  
  79  15:04  Zealot x3  
  79  15:05  Zealot x2  
  89  15:11  Stalker x2  
  64  15:30  Stalker x3  
  68  15:39  Zealot x2  
  69  15:56  Zealot x2  
  57  16:09  Zealot  
  57  16:10  Zealot  
  51  16:21  Zealot x2  
  53  16:31  Zealot x2  
Tags
 
Composition
Mech
Matchup
PvT
Spawn Locations
Cross Positions
Add a new tag
Caveats
  • Supply blocks, unpowered buildings, or Contaminate may cause inaccurate times.
  • Supply counts are checked every 10 seconds.